Map: Catalyst LE

Players

Bunny - Winner!

  • Race: Terran Terran
  • Spawn Location: 5:00

Arctur

  • Race: Terran Terran
  • Spawn Location: 11:00

Event: IEM Season 12 - Katowice

VOD

Have the link to the VOD?

Description

Time

  • Played on: Feb. 27, 2018, 4:18 a.m.
  • Length: 6:26

All games in this series

Show
View Real Time Build Order
Export as new Build Order

Bunny Terran - Winner!

Build Orders: Liberator Opening 

Get SALT Encoding   

  12  0:00  SCV  
  13  0:13  SCV  
  14  0:17  Supply Depot  
  14  0:25  SCV  
  14  0:27  Refinery  
  15  0:38  SCV  
  16  0:44  Barracks  
  16  0:50  SCV  
  17  1:02  SCV  
  18  1:15  SCV  
  19  1:30  Orbital Command  
  19  1:32  Reaper  
  20  1:37  Bunker  
  20  1:43  Supply Depot  
  20  1:47  Factory  
  20  1:56  SCV  
  21  2:03  Marine, Refinery  
  21  2:08  SCV  
  23  2:16  Bunker  
  23  2:21  Marine  
  24  2:27  SCV  
  24  2:33  Hellion  
  26  2:39  Marine  
  26  2:42  SCV  
  28  2:47  Starport  
  28  2:54  Hellion  
  28  2:56  Supply Depot  
  28  2:58  SCV  
  31  3:02  Barracks Reactor  
  31  3:07  Liberator  
  31  3:18  SCV, Hellion  
  34  3:24  Supply Depot  
  37  3:30  SCV  
  38  3:40  Marine x2  
  39  3:46  Cyclone, Supply Depot  
  42  3:53  SCV  
  43  3:58  Marine x2  
  45  4:07  Viking  
  43  4:19  Factory Tech Lab  
  43  4:24  Command Center  
  43  4:25  Marine x2  
  43  4:31  SCV  
  46  4:37  Siege Tank  
  49  4:48  Viking  
  49  4:50  Marine x2  
  53  4:55  Supply Depot  
  53  4:57  SCV  
  51  5:09  Siege Tank  
  51  5:10  SCV  
  55  5:16  Marine x2  
  55  5:18  Viking  
  53  5:30  SCV  
  53  5:34  Marine x2  
  56  5:37  Orbital Command  
  56  5:43  Engineering Bay  
  56  5:45  SCV  
  57  5:50  Siege Tank  
  57  5:54  Marine x2  
  63  6:20  Refinery  
  63  6:21  Refinery  
Show
View Real Time Build Order
Export as new Build Order

Arctur Terran 

Build Orders:  

Get SALT Encoding   

  12  0:00  SCV  
  13  0:13  Supply Depot  
  13  0:18  SCV  
  14  0:37  Barracks  
  14  0:41  Refinery  
  14  0:56  Barracks  
  14  1:00  SCV  
  15  1:13  SCV  
  15  1:15  Refinery  
  16  1:24  Reaper  
  17  1:38  Orbital Command  
  17  1:44  Reaper  
  18  1:56  Reaper  
  19  2:09  SCV  
  19  2:10  Supply Depot  
  20  2:16  Reaper  
  20  2:28  SCV  
  20  2:30  Reaper  
  20  2:38  Factory  
  20  2:43  SCV  
  20  2:48  Reaper  
  21  2:55  SCV  
  22  3:07  SCV  
  23  3:19  SCV  
  22  3:31  SCV  
  22  3:32  Cyclone, Starport  
  23  3:43  SCV  
  25  3:55  SCV  
  25  4:04  Cyclone  
  25  4:07  SCV  
  28  4:10  Medivac  
  30  4:19  SCV  
  31  4:27  Command Center  
  31  4:35  Supply Depot  
  31  4:43  Starport Tech Lab, Factory Reactor  
  31  4:50  SCV  
  30  5:02  SCV  
  30  5:19  SCV  
  30  5:31  Cyclone  
  30  5:36  SCV  
  31  5:43  Banshee  
  31  5:47  Cyclone  
  31  5:48  SCV  
  38  5:53  Supply Depot  
  37  6:10  SCV  

Tags
 
Add a new tag
Caveats
  • Supply blocks, unpowered buildings, or Contaminate may cause inaccurate times.
  • Supply counts are checked every 10 seconds.